Cogmind - Beta 14 @@@ ROGUE MODE // 2024.09.21 @ 16:02:23 Player: z_ Result: Destroyed by S-43 Plague with Heavy Machine Gun Performance ------------- Evolutions (7) 3500 Regions Visited (24) 4800 Robots Destroyed (308) 1540 Value Destroyed (13674) 13674 Prototype IDs (88) 1760 Alien Tech Used (2) 400 Bonus (8991) 8991 TOTAL SCORE: 34665 Bonus ------- High Alert Combat Kills 2311 Follower Combat Kills 1965 Forged Quantum Companion 1000 Network Hubs Disabled 200 Registered with UFD 300 Met Data Miner 300 Met Zhirov 300 Built Enhanced Grunts 300 A7 Reached Mainframe 300 Met R17 at Cetus 500 Met R17 at Research 2000 Friendly Fire -485 Cogmind --------- Core Integrity 0/1300 Matter 85/300 Energy 75/100 System Corruption 1% Temperature Cool (0) Movement Core (100) Ox1 Location -3/Research Parts ------- > --- POWER (3) -------- (None) > --- PROPULSION (6) --- (None) > --- UTILITY (9) ------ (None) > --- WEAPON (3) ------- Heavy Flail Quantum Companion > --- INVENTORY (5) ---- Quantum Reactor Neutron Cannon Advanced KE Penetrator Enhanced Gauss Cannon DRS Beacon (Ready) Peak State ------------ > --- POWER ------------ Particle Reactor Particle Reactor Quantum Reactor > --- PROPULSION ------- Medium Treads Medium Treads Medium Treads Medium Treads Centrium Heavy Treads > --- UTILITY ---------- Advanced Heat Sink Huge Storage Unit Experimental Sensor Array Experimental Signal Interpreter Experimental Targeting Computer Experimental Core Analyzer Centrium Medium Armor Plating Advanced Force Field A0-MCA's Component Scanner > --- WEAPON ----------- Railgun Helical Railgun Quantum Companion > --- INVENTORY -------- Light Antimatter Reactor Quantum Reactor Medium Treads Myomer Leg Myomer Leg Advanced Cryofiber Web Advanced Coolant Injector Advanced Energy Well Matter Compressor Layered Medium Armor Plating Experimental EM Disruption Field Antimissile System Transdimensional Reconstructor Tesla Rifle Heavy Tesla Rifle Advanced Variable Charge Gun HERF Cannon Neutron Cannon Advanced KE Penetrator Advanced KE Penetrator Enhanced Gauss Cannon Hypervelocity Mass Driver Micro-nuke Launcher Improved Plasma Cutter DRS Beacon [Rating: 171] Favorites ----------- Power Quantum Reactor Engine Improved Ion Engine Power Core Micro Nuclear Core Reactor Quantum Reactor Propulsion Light Treads Treads Light Treads Leg Flexi-carbon Leg Wheel Armored Wheel Flight Unit Flight Unit Utility Huge Storage Unit Device Experimental Sensor Array Storage Huge Storage Unit Processor A0-MCA's Component Scanner Protection Centrium Medium Armor Plating Weapon Companion Sword Energy Gun EM Pulse Gun Energy Cannon Advanced Plasma Cannon Ballistic Gun Railgun Ballistic Cannon Magnetic Acceleration Cannon Launcher Rocket Array Special Weapon Plasma Cutter Impact Weapon Heavy Flail Slashing Weapon Companion Sword Build | -11 -10 -10 -9 -9 -8 -8 -8 -8 -6 -6 -6 -6 -5 -5 -5 -5 -5 -5 -4 -4 -4 -4 -3 -3 ------- Run | Yrd Mat Min Mat Min Mat Sto Rec Scr Fac Low Low Dat Pro Fac Ext Cet Arc Hub Fac Upp Upp Zhi Pro Res Slots Evolved 14 | . . . 2 . 2 . . . 4 . . . . 2 . . . . 2 . . . . 2 Power 2 | . . . . . . . . . 1 . . . . . . . . . . . . . . 1 Propulsion 4 | . . . 1 . . . . . 1 . . . . . . . . . 1 . . . . 1 Utility 7 | . . . 1 . 1 . . . 2 . . . . 2 . . . . 1 . . . . . Weapon 1 | . . . . . 1 . . . . . . . . . . . . . . . . . . . Parts Attached 362 | 7 4 4 28 5 34 33 4 12 15 2 24 4 6 12 18 12 7 21 7 10 13 6 18 56 Power 41 | 1 2 . 4 . 2 3 1 2 1 . 1 . . 1 5 2 . . . . 1 . 2 13 Engine 15 | 1 2 . 3 . 1 2 1 1 . . . . . . 4 . . . . . . . . . Core 9 | . . . 1 . 1 1 . 1 1 . 1 . . 1 1 . . . . . . . . 1 Reactor 17 | . . . . . . . . . . . . . . . . 2 . . . . 1 . 2 12 Propulsion 75 | 2 . 1 5 2 9 11 . 3 2 . 6 . 1 1 3 . . 4 1 . 3 1 8 12 Treads 67 | 2 . 1 4 2 9 11 . 3 2 . 6 . 1 1 3 . . 4 1 . 3 . 5 9 Leg 6 | . . . . . . . . . . . . . . . . . . . . . . . 3 3 Wheel 1 | . . . . . . . . . . . . . . . . . . . . . . 1 . . Hover . | . . . . . . . . . . . . . . . . . . . . . . . . . Flight 1 | . . . 1 . . . . . . . . . . . . . . . . . . . . . Utility 68 | 2 2 2 2 1 5 2 . 5 5 . 1 . . 5 1 2 2 5 2 2 5 . 3 14 Device 33 | 1 . . . . 2 . . 3 3 . . . . 3 . 1 2 3 . 2 3 . 2 8 Storage 9 | 1 2 1 1 . 1 . . 1 . . . . . 1 . . . . . . . . . 1 Processor 12 | . . 1 1 1 2 2 . . 1 . 1 . . . . . . 1 1 . . . . 1 Hackware . | . . . . . . . . . . . . . . . . . . . . . . . . . Protection 14 | . . . . . . . . 1 1 . . . . 1 1 1 . 1 1 . 2 . 1 4 Artifact . | . . . . . . . . . . . . . . . . . . . . . . . . . Weapon 178 | 2 . 1 17 2 18 17 3 2 7 2 16 4 5 5 9 8 5 12 4 8 4 5 5 17 Energy Gun 25 | 1 . . 1 . 5 3 . . . . 2 1 . 2 1 2 1 1 1 1 . 1 1 1 Energy Cannon 21 | . . . . . 4 . . . 1 . 1 . . . 2 1 2 3 1 2 1 1 1 1 Ballistic Gun 68 | 1 . . 13 1 7 10 2 . 1 1 3 2 . 2 3 2 2 5 2 3 2 2 2 2 Ballistic Cannon 25 | . . 1 1 . . . 1 1 3 . 4 . 2 . 1 1 . 1 . . . 1 . 8 Launcher 17 | . . . 2 1 2 2 . . 1 . 2 . 1 . . . . . . 1 1 . 1 3 Special Weapon 7 | . . . . . . 2 . . . . 1 . . . 2 1 . 1 . . . . . . Impact Weapon 1 | . . . . . . . . . . . . . . . . . . . . . . . . 1 Slashing Weapon 14 | . . . . . . . . 1 1 1 3 1 2 1 . 1 . 1 . 1 . . . 1 Piercing Weapon . | . . . . . . . . . . . . . . . . . . . . . . . . . Special Melee Weapon . | . . . . . . . . . . . . . . . . . . . . . . . . . Unidentified Prototypes 17 | . . . 1 . 7 3 . 2 2 . . . . . . . . . . . . 1 . 1 Corrupted Parts 15 | . . 1 . . . 2 . . . . 1 . 1 . . . . 2 . . 1 . 7 . System Corruption 84 | . . 2 . . . 2 . . . . 1 . 2 . . . . 12 . . 7 . 58 . Parts Lost 37 | . . . 1 . . 2 1 . . . 4 . . . 1 . 1 1 . . 3 . 3 20 Power 5 | . . . . . . 1 . . . . 1 . . . . . . . . . . . . 3 Propulsion 16 | . . . 1 . . 1 . . . . 2 . . . . . . . . . 2 . 2 8 Utility 12 | . . . . . . . . . . . 1 . . . . . 1 1 . . 1 . 1 7 Weapon 4 | . . . . . . . 1 . . . . . . . 1 . . . . . . . . 2 Highest Loss Streak 8 | . . . 1 . . 1 1 . . . 2 . . . 1 . 1 1 . . 3 . 1 8 To Critical Strikes . | . . . . . . . . . . . . . . . . . . . . . . . . . Average Slot Usage (%) 94 | . 100 100 98 100 99 94 98 100 93 100 96 86 100 95 91 90 93 93 89 89 88 77 88 89 Engine 3 | . 14 14 10 . 4 4 9 8 6 6 . . . . 4 . . . . . . . . . Core 2 | . . . . 11 4 1 . . . 6 9 13 13 11 5 . . . . . . . . . Reactor 5 | . . . . . . . . . . . . . . . . 10 11 11 10 10 10 10 10 11 Treads 22 | . 28 28 32 33 27 26 27 27 26 26 25 26 26 19 17 17 17 17 21 21 16 15 14 20 Device 13 | . 14 5 . . 9 9 9 3 6 13 13 13 13 17 14 13 22 20 15 15 15 12 14 14 Storage 6 | . 14 14 11 11 9 9 9 9 6 6 6 6 6 5 5 5 5 5 5 5 5 5 5 3 Processor 14 | . . 8 22 22 18 16 18 18 19 13 16 20 20 17 17 17 11 11 15 15 15 15 15 16 Protection 4 | . . . . . . . . 5 5 6 2 . . 2 4 5 5 6 5 5 8 10 10 4 Energy Gun 1 | . 14 5 . . 3 6 . . . . 2 . 3 3 2 2 . . . 1 . . 1 1 Energy Cannon 3 | . . . . . 4 1 . . . 6 1 . . . 1 2 10 4 . . . . 1 . Ballistic Gun 8 | . 14 14 12 11 16 14 19 13 1 . 8 1 6 6 9 3 5 5 8 8 9 . 5 5 Ballistic Cannon 2 | . . 8 7 11 2 . 5 9 11 6 4 . 4 2 2 2 . 1 . . . . . . Slashing Weapon 2 | . . . . . . . . 4 6 6 1 5 3 2 . 2 . 4 5 4 5 5 5 3 Peak Build Rating 171 | 7 9 10 15 17 33 33 33 43 61 60 79 78 80 99 104 121 127 128 139 139 140 136 160 171 Average Rating 85 | 4 8 9 13 15 27 29 31 37 53 59 68 69 78 93 100 115 122 122 134 137 137 124 144 150 On Entrance 72 | . 7 9 10 15 17 32 30 32 40 60 60 78 78 80 99 101 121 123 128 138 136 125 136 150 Naked Turns 15 | . . . . . . . . . . . . . . . . . . . . . . . . 15 Heaviest Build 199 | 13 88 88 53 51 60 63 60 110 120 120 122 117 123 199 136 162 156 156 164 165 158 151 151 185 Greatest Support 192 | 40 40 40 60 60 60 62 62 65 85 85 103 103 108 130 130 127 127 127 146 146 146 123 156 192 Greatest Overweight (x) 51 | . 2 2 2 . 1 1 . 1 1 1 1 1 1 1 1 1 51 1 1 1 1 1 1 6 Average Overweight (x) 1 | . . 1 . . . . . . 1 1 1 . 1 . . 1 29 1 1 1 1 1 . . Largest Inventory Capacity 25 | 8 25 25 20 20 20 20 20 25 25 25 25 25 25 25 25 25 25 25 25 25 25 25 25 25 Average Capacity 23 | 7 18 24 20 20 20 20 20 23 25 25 25 25 25 25 25 25 25 25 25 25 25 25 25 24 Most Carried 25 | 6 22 23 20 20 20 20 20 25 25 25 25 25 25 25 25 25 25 25 25 25 25 25 25 25 Average Carried 22 | 4 15 21 19 19 19 19 19 21 23 24 24 24 24 24 24 24 23 24 24 25 22 23 22 23 Final Capacity 25 | 8 25 20 20 20 20 20 20 25 25 25 25 25 25 25 25 25 25 25 25 25 25 25 25 5 Final Carried 25 | 6 22 20 20 20 18 20 19 24 24 25 25 25 24 24 25 25 23 25 25 25 23 22 25 5 Class Distribution -------------------- 35% | Scavenger-Mutant 29% | Scavenger-Skirmisher 10% | Mutant 6% | Commander-Gunner 5% | Commander-Mutant 4% | Gunner Dominant Class ---------------- Mutant | -10/Materials Mutant | -10/Mines Mutant | -9/Materials Mutant | -9/Mines Gunner | -8/Materials Scavenger-Skirmisher | -8/Storage Commander-Gunner | -8/Recycling Commander-Mutant | -8/Scraptown Commander-Assassin | -6/Factory Scavenger-Mutant | -6/Lower Caves Scavenger-Skirmisher | -6/Lower Caves Scavenger-Mutant | -6/Data Miner Scavenger-Mutant | -5/Proximity Caves Scavenger-Mutant | -5/Factory Scavenger-Tank | -5/Extension Scavenger-Mutant | -5/Cetus Scavenger-Skirmisher | -5/Archives Scavenger-Mutant | -5/Hub_04(d) Scavenger-Mutant | -4/Factory Scavenger-Mutant | -4/Upper Caves Scavenger-Mutant | -4/Upper Caves Scavenger-Mutant | -4/Zhirov Scavenger-Mutant | -3/Proximity Caves Scavenger-Mutant | -3/Research Resources | -11 -10 -10 -9 -9 -8 -8 -8 -8 -6 -6 -6 -6 -5 -5 -5 -5 -5 -5 -4 -4 -4 -4 -3 -3 ----------- Run | Yrd Mat Min Mat Min Mat Sto Rec Scr Fac Low Low Dat Pro Fac Ext Cet Arc Hub Fac Upp Upp Zhi Pro Res Matter Collected 10972 | 272 510 53 809 130 1202 723 134 300 304 237 1024 . 366 193 946 203 138 213 411 198 655 82 296 1573 Remotely . | . . . . . . . . . . . . . . . . . . . . . . . . . Salvage Created 13378 | 44 528 . 1334 158 1915 1300 264 . 321 117 648 . 141 221 965 120 39 461 572 407 763 503 357 2200 Parts 646 | 4 32 . 111 9 103 75 7 . 12 6 39 . 5 9 33 9 4 25 28 12 18 6 14 85 Haulers Intercepted 15 | . 2 . 4 . 6 1 . . 1 . . . . . . . . . . . . . . 1 Recyclers Shooed 14 | 1 3 . 3 1 3 1 . . 1 . . . . . . . . . 1 . . . . . Parts Field Recycled . | . . . . . . . . . . . . . . . . . . . . . . . . . Retrieved Matter . | . . . . . . . . . . . . . . . . . . . . . . . . . Parts Self-Destructed 84 | . . . . . . . . . . 7 44 . 4 . . . . . . 1 20 4 4 . Prevented 10 | . . . . . . . . . . . . . . . . . . . . . . . 10 . Kills | -11 -10 -10 -9 -9 -8 -8 -8 -8 -6 -6 -6 -6 -5 -5 -5 -5 -5 -5 -4 -4 -4 -4 -3 -3 ------- Run | Yrd Mat Min Mat Min Mat Sto Rec Scr Fac Low Low Dat Pro Fac Ext Cet Arc Hub Fac Upp Upp Zhi Pro Res Combat Hostiles Destroyed 243 | . 10 . 27 4 31 28 6 . 5 4 15 . 4 4 15 2 . 7 8 10 15 . 9 39 Melee 4 | . . . . . . . . . . . . . . . . . . . . . . . . 4 Guns 110 | . 8 . 11 . 18 14 4 . . . 7 . 1 4 13 1 . 3 4 . 4 . 3 15 Cannons 54 | . . . 8 4 9 1 . . 5 4 5 . 1 . 2 . . 3 3 . . . . 9 AOE 67 | . 2 . 8 . 3 13 2 . . . 3 . 2 . . . . . . 9 11 . 4 10 Classes Destroyed 22 | 1 6 . 4 . 2 2 2 . . . 1 . . . . . . 1 . . . . 1 2 Worker 7 | . 1 . 2 . 4 . . . . . . . . . . . . . . . . . . . Builder 9 | . . . 3 . 2 1 . . 1 . . . . . . . . 1 . . . . . 1 Tunneler 4 | 2 . . 2 . . . . . . . . . . . . . . . . . . . . . Hauler 15 | . 2 . 4 . 6 1 . . 1 . . . . . . . . . . . . . . 1 Recycler 8 | . 1 . 2 1 2 1 . . 1 . . . . . . . . . . . . . . . Mechanic 3 | . . . . . 2 . . . . . 1 . . . . . . . . . . . . . Operator 7 | . . . 3 . . 1 . . . . . . . . 1 . 1 . . . . . . 1 Drone 2 | . . . . . . . . . . . . . . . . . . . . . . . 2 . Watcher 11 | . 3 . 4 . 1 1 . . . . . . . . 2 . . . . . . . . . Swarmer 36 | . 6 . 7 2 6 . . . 3 3 3 . . . . . . . . 1 . . . 5 Grunt 109 | . 4 . 12 . 19 14 . . . 1 5 . 3 . 11 . . . . 6 13 . 4 17 Brawler 9 | . . . 1 . . 2 . . . . 2 . 1 . . . . . . 1 1 . . 1 Duelist 4 | . . . . . 1 1 . . . . . . 1 . 1 . . . . . . . . . Protector 2 | . . . . . . 2 . . . . . . . . . . . . . . . . . . Sentry 32 | . . . 7 2 5 7 1 . 1 . 2 . . 2 1 . . 1 . 1 . . 1 1 Demolisher 4 | . . . . . . . 2 . . . . . . . . . . . . . . . . 2 Hunter 18 | . . . . . . 2 1 . . . . . . . 2 . . 2 4 . . . 2 5 Programmer 15 | . . . . . . . 2 . 1 . 2 . . 2 . . . 2 4 . 1 . . 1 Heavy 1 | . . . . . . . . . . . . . . . . . . 1 . . . . . . Behemoth 2 | . . . . . . . . . . . 1 . . . . . . . . 1 . . . . Cetus Guard 2 | . . . . . . . . . . . . . . . . 2 . . . . . . . . Lightning 1 | . . . . . . . . . . . . . . . . . . 1 . . . . . . Striker 6 | . . . . . . . . . . . . . . . . . . . . . . . . 6 Executioner 1 | . . . . . . . . . . . . . . . . . . . . . . . . 1 Best Kill Streak 16 | 2 4 . 16 2 8 13 5 . 3 3 5 . 4 3 5 2 1 2 4 9 8 . 4 10 Combat Bots Only 13 | . 3 . 11 2 6 13 5 . 3 3 4 . 4 3 5 2 . 2 4 9 8 . 4 8 Max Kills in Single Turn 6 | 1 2 . 5 1 2 6 4 . 1 2 3 . 2 1 1 1 1 2 1 4 4 . 3 6 Gunslinging 1 | . . . . . . . 1 . . . . . . . . . . . . . . . . . Exploded 6 | . 1 . 3 . 2 6 2 . . . 2 . 2 . . . . . . 4 4 . 3 5 Melee 1 | . . . . . . . . . . . . . . . . . . . . . . . . 1 Uniques/NPCs Destroyed . | . . . . . . . . . . . . . . . . . . . . . . . . . Combat | -11 -10 -10 -9 -9 -8 -8 -8 -8 -6 -6 -6 -6 -5 -5 -5 -5 -5 -5 -4 -4 -4 -4 -3 -3 -------- Run | Yrd Mat Min Mat Min Mat Sto Rec Scr Fac Low Low Dat Pro Fac Ext Cet Arc Hub Fac Upp Upp Zhi Pro Res Hostile Shots Fired 1300 | . 62 . 73 19 96 62 31 . 30 9 64 . 11 31 73 12 22 79 75 32 60 . 54 405 Missed 368 | . 18 . 21 6 28 15 5 . 10 4 24 . 4 6 24 7 9 19 16 8 17 . 18 109 Intercepted 17 | . . . . . . . . . . . . . . . . . . . . . . . . 17 Deflected 1 | . . . . . . . . . . . . . . . . . . . . . . . . 1 Damage Taken 16608 | . 431 . 664 191 1042 783 514 . 269 81 788 . 152 411 828 269 363 1053 635 677 899 8 794 5756 Core 2297 | . 85 . 85 61 112 122 68 . 31 . 43 . 19 14 89 38 31 55 41 130 . 8 75 1190 Absorbed by Shields 2459 | . . . . . . . 25 . . . . . . 149 178 17 . . . . . . . 2090 Reduced by Siege Mode 115 | . . . . . . . . . . . . . . . 10 . . 33 9 8 45 . 10 . Ignored by Resistances 861 | . . . . . . . . . . . . . . . . . . 188 429 . 30 . . 214 Regen/Repaired (Parts) 273 | . . . . . . . . . . . . . . . . . . . 273 . . . . . Core Remaining (%) 73 | 100 . 66 . 63 . . . 45 . . . . 89 . . . . 77 . . . . 77 . Volleys Fired 732 | 4 54 . 77 10 96 45 7 . 17 5 38 . 13 17 41 7 8 39 23 73 31 6 24 97 Largest 3 | 2 2 . 2 2 3 3 3 . 2 3 3 . 3 3 3 3 3 2 2 2 2 1 2 3 Hottest 310 | 60 60 . 58 58 123 118 103 . 101 158 158 . 131 183 205 203 150 188 158 188 98 240 153 310 Shots Fired 1580 | 8 109 . 144 19 284 127 21 . 33 14 91 . 28 49 113 19 20 71 46 79 51 6 44 204 Gun 1102 | 8 109 . 96 9 201 111 20 . . 2 41 . 8 37 97 11 17 39 38 62 41 2 30 123 Cannon 431 | . . . 42 9 81 9 1 . 33 12 47 . 14 12 16 7 3 32 8 12 3 4 10 76 Launcher 44 | . . . 6 1 2 6 . . . . 2 . 6 . . . . . . 5 7 . 4 5 Special 3 | . . . . . . 1 . . . . 1 . . . . 1 . . . . . . . . Kinetic 1111 | 4 54 . 138 18 211 88 15 . 33 7 75 . 22 39 60 6 16 38 30 13 41 . 18 185 Thermal 242 | . . . . . 41 10 . . . 7 13 . . 10 49 12 4 27 . 61 3 2 . 3 Explosive 44 | . . . 6 1 2 6 . . . . 2 . 6 . . . . . . 5 7 . 4 5 Electromagnetic 181 | 4 55 . . . 30 23 6 . . . . . . . 4 . . 6 16 . . 4 22 11 Robot Hit Streak 32 | 4 6 . 17 8 21 17 14 . 10 5 13 . 12 23 20 13 6 7 16 32 13 11 8 20 Robot Miss Streak 7 | 1 7 . 2 1 4 4 5 . 2 1 4 . 2 1 4 1 2 5 2 2 3 . 5 7 Penetration Max 1 | . . . . . . . 1 . 1 1 1 . . 1 1 . 1 . 1 . . . . 1 Secondary Targets 7 | . . . . . . 3 1 . . . . . . . 2 . . . 1 . . . . . Max Gunslinging Chain 1 | . . . . . . 1 1 . . . . . . . 1 . . . 1 . . . . . Autonomous 1 | . . . . . . . . . . . . . . . . . . . . . . . . 1 Shots Hit Robots 1010 | 5 57 . 106 15 176 83 13 . 23 7 46 . 18 38 79 17 15 46 39 16 22 14 25 150 Core Hits 674 | 3 26 . 61 6 70 67 10 . 8 4 38 . 13 12 38 5 6 19 15 45 74 7 32 115 Critical Kills 17 | . 1 . . . 2 . . . . . 1 . . . 2 . . . 1 1 1 . . 8 Critical Parts Destroyed 9 | . . . . . . . 1 . . . . . . . . . 1 . . . . . 1 6 Critical Strikes 45 | . 2 . 1 1 3 . 1 . . . 4 . . 3 7 . 2 1 1 1 1 . 2 15 Burn 2 | . . . . . . . . . . . . . . 1 1 . . . . . . . . . Meltdown 2 | . . . . . 1 . . . . . . . . . . . . . . 1 . . . . Destroy 27 | . 1 . . . 1 . 1 . . . 2 . . . 2 . 2 . 1 . 1 . 1 15 Blast 11 | . . . 1 1 1 . . . . . 2 . . 2 4 . . . . . . . . . Corrupt 3 | . 1 . . . . . . . . . . . . . . . . 1 . . . . 1 . Melee Attacks 67 | . . . . . . . . . 8 . 3 . . 10 . . . 7 . 2 3 10 . 24 Impact 7 | . . . . . . . . . . . . . . . . . . . . . . . . 7 Slashing 60 | . . . . . . . . . 8 . 3 . . 10 . . . 7 . 2 3 10 . 17 Piercing . | . . . . . . . . . . . . . . . . . . . . . . . . . Sneak Attacks 4 | . . . . . . . . . 3 . . . . . . . . . . 1 . . . . Combat Hostiles . | . . . . . . . . . . . . . . . . . . . . . . . . . Follow-up Attacks . | . . . . . . . . . . . . . . . . . . . . . . . . . Damage Inflicted 35051 | 61 943 15 2350 287 3707 2909 467 . 971 188 1790 . 968 970 2149 412 467 1340 1364 1613 2747 932 1515 6886 Guns 14789 | 61 731 . 1042 89 2123 1322 293 . . . 531 . 123 750 1693 243 360 734 1087 30 361 136 331 2749 Cannons 8112 | . . . 653 152 1182 161 25 . 717 188 619 . 276 220 456 169 104 606 277 389 . 143 256 1519 Explosions 10200 | . 147 . 630 . 295 1388 135 . . . 640 . 569 . . . . . . 1110 2154 . 928 2204 Melee 1633 | . . . . . . . . . 254 . . . . . . . . . . 84 232 653 . 410 Ramming 317 | . 65 15 25 46 107 38 14 . . . . . . . . . 3 . . . . . . 4 Kinetic 16400 | 21 349 . 1695 241 2138 934 252 . 717 113 1015 . 399 774 1307 138 386 694 867 30 361 . 159 3810 Thermal 4048 | . 147 . . . 608 363 135 . . 75 135 . . 196 757 274 78 540 . 389 . 136 . 215 Explosive 9716 | . . . 630 . 295 1186 . . . . 640 . 569 . . . . . . 1110 2154 . 928 2204 Electromagnetic 2859 | 40 382 . . . 559 388 66 . . . . . . . 85 . . 106 497 . . 143 428 165 Impact . | . . . . . . . . . . . . . . . . . . . . . . . . . Slashing 1633 | . . . . . . . . . 254 . . . . . . . . . . 84 232 653 . 410 Piercing . | . . . . . . . . . . . . . . . . . . . . . . . . . Phasic 78 | . . . . . . . . . . . . . . . . . . . . . . . . 78 Highest Corruption 66 | . 6 8 . . . 2 2 . 4 4 7 7 9 3 3 3 3 13 1 1 8 8 66 1 Average Corruption 4 | . 5 7 . . . 1 2 . 3 4 6 7 7 2 3 3 2 5 1 1 7 8 10 1 Corruption Purged 3 | . . . . . . . . . . . . . . . . . 3 . . . . . . . Corruption Blocked . | . . . . . . . . . . . . . . . . . . . . . . . . . Effects 376 | . 22 11 . . . 4 10 . 8 24 52 9 23 10 39 13 3 6 . 16 69 15 40 2 Message Errors 92 | . 6 4 . . . 2 2 . 3 5 16 1 1 2 6 4 2 1 . 4 19 6 8 . Matter Fused 85 | . 6 2 . . . 1 2 . . 2 10 3 10 3 12 5 . . . 4 16 1 7 1 Heat Flow Errors 43 | . . 2 . . . . 3 . . 7 3 1 2 . 7 . . . . 1 8 3 6 . Energy Discharges 42 | . 4 . . . . . 2 . 1 2 4 1 2 2 4 2 . 2 . 3 10 1 2 . Parts Rejected 7 | . . . . . . . . . 1 . . . . . 2 . . . . . 3 . 1 . Parts Fused 6 | . 1 . . . . . . . . . . 1 . . . . . 1 . 1 1 . 1 . Data Loss (minor) 54 | . 2 2 . . . 1 . . 1 3 10 2 4 2 3 . 1 2 . 2 7 4 7 1 Data Loss (major) 21 | . 1 1 . . . . 1 . . 2 4 . 3 1 3 1 . . . 1 2 . 1 . Misfires 14 | . 1 . . . . . . . 1 2 4 . 1 . . 1 . . . . . . 4 . Alerts 7 | . 1 . . . . . . . . 1 . . . . . . . . . . 3 . 2 . Weapon Failures 5 | . . . . . . . . . 1 . 1 . . . 2 . . . . . . . 1 . Overload Shots 5 | . . . . . . . . . . . . . . . . . . . . . . 2 . 3 Overflow Damage 584 | . . . 1 . 96 8 32 . 133 . 24 . 21 . 20 . . . . 51 65 10 12 111 Projectiles 102 | . . . 1 . 15 . . . 33 . 5 . 18 . 20 . . . . . . 10 . . Explosions 218 | . . . . . 81 8 32 . . . 19 . 3 . . . . . . 7 . . 12 56 Melee 264 | . . . . . . . . . 100 . . . . . . . . . . 44 65 . . 55 Knockbacks 37 | . . 1 2 . 2 . . . 5 1 1 . 2 3 3 . . . . . . . . 17 Impact 3 | . . 1 . . 2 . . . . . . . . . . . . . . . . . . . Kinetic 34 | . . . 2 . . . . . 5 1 1 . 2 3 3 . . . . . . . . 17 Secondary . | . . . . . . . . . . . . . . . . . . . . . . . . . Self-Inflicted Damage 472 | . 26 . . . . 68 26 . . . . . 18 . . . 1 . . 24 90 . 35 184 Shots 20 | . 1 . . . . 2 1 . . . . . 1 . . . . . . 1 4 . 2 8 Rammed 40 | . 11 2 3 6 7 5 1 . . . . . . . . . 4 . . . . . . 1 Targets Rammed 45 | . 11 2 3 7 11 5 1 . . . . . . . . . 4 . . . . . . 1 Kicked . | . . . . . . . . . . . . . . . . . . . . . . . . . Crushed 5 | . . . . 1 4 . . . . . . . . . . . . . . . . . . . Highest Temperature 349 | . 36 185 41 49 303 112 204 . 84 261 241 225 249 85 232 193 15 24 156 196 251 220 224 349 Average Temperature 60 | . 15 92 9 20 62 30 63 . 28 89 50 128 59 42 53 68 7 24 60 34 63 105 77 127 Received Heat Transfer 2495 | . 87 . 249 45 612 216 12 . 12 9 96 . 63 30 266 9 27 102 . 45 225 . 129 261 Effects 6 | . . . . . 2 . . . . . 2 . 1 . . . . . . . . . . 1 Energy Bleed 1 | . . . . . . . . . . . . . . . . . . . . . . . . 1 Interference 5 | . . . . . 2 . . . . . 2 . 1 . . . . . . . . . . . Siege Activations 12 | . . . . . . . . . . . . . . . 1 . . 2 2 2 3 . 2 . Total Turns 176 | . . . . . . . . . . . . . . . 15 . . 41 38 17 38 . 27 . Longest Duration 33 | . . . . . . . . . . . . . . . 15 . . 33 27 15 19 . 14 . Robots Corrupted 5 | . . . 1 . . . . . . . . . . . . . . 1 1 . . . 2 . Combat Hostiles 4 | . . . . . . . . . . . . . . . . . . 1 1 . . . 2 . Parts Fried 16 | . 1 . . . 2 . . . . . . . . . 3 . . 2 4 . . . 4 . Impact Corruptions 1 | . . . 1 . . . . . . . . . . . . . . . . . . . . . Robots Melted 3 | . . . . . 1 . . . . . . . . . . 1 . . . 1 . . . . Combat Hostiles 3 | . . . . . 1 . . . . . . . . . . 1 . . . 1 . . . . Parts Melted 9 | . . . . . . 3 . . . . . . . 2 1 . . 1 . 1 . 1 . . Heat Transferred 5629 | . 150 . . . 1110 496 150 . . 150 237 . . 407 1382 435 111 451 . 300 . 100 . 150 Parts Sabotaged . | . . . . . . . . . . . . . . . . . . . . . . . . . Parts Stolen . | . . . . . . . . . . . . . . . . . . . . . . . . . Parts Stripped 6 | . . . . . . . . . . . . . . . . . . . . . . . . 6 Power Chain Reactions 7 | . 3 . . . . 3 1 . . . . . . . . . . . . . . . . . Alert | -11 -10 -10 -9 -9 -8 -8 -8 -8 -6 -6 -6 -6 -5 -5 -5 -5 -5 -5 -4 -4 -4 -4 -3 -3 ------- Run | Yrd Mat Min Mat Min Mat Sto Rec Scr Fac Low Low Dat Pro Fac Ext Cet Arc Hub Fac Upp Upp Zhi Pro Res Peak Influence 1273 | 10 211 . 636 117 652 989 440 . 147 . . . . 129 306 530 445 622 295 . . . . 1273 Initial 763 | . 6 . . 57 35 274 335 . . . . . . . 26 51 212 . 231 . . . . 763 Average 225 | 2 55 . 300 64 388 786 338 . 31 . . . . 35 129 112 36 305 193 . . . . 851 Maximum Alert Level 4 | . 1 . 2 . 2 3 2 . . . . . . . 1 2 2 2 1 . . . . 4 Low Security (%) 63 | 100 99 100 39 100 27 . 1 . 100 . . . . 100 79 79 90 32 34 . . . . . Level 1 12 | . . . 32 . 8 16 58 . . . . . . . 20 17 5 35 65 . . . . . Level 2 10 | . . . 28 . 64 3 39 . . . . . . . . 2 4 31 . . . . . . Level 3 13 | . . . . . . 80 . . . . . . . . . . . . . . . . . 97 Level 4 . | . . . . . . . . . . . . . . . . . . . . . . . . 2 Level 5 . | . . . . . . . . . . . . . . . . . . . . . . . . . High Security . | . . . . . . . . . . . . . . . . . . . . . . . . . Max Security . | . . . . . . . . . . . . . . . . . . . . . . . . . Squads Dispatched 40 | . 3 . 5 . 4 5 . . 4 . 1 . . 3 1 1 . 4 4 . . . . 5 Investigation 8 | . 1 . 2 . 2 . . . . . . . . . . 1 . . . . . . . 2 Extermination 7 | . . . . . . . . . 2 . . . . 2 . . . 1 2 . . . . . Reinforcement 21 | . 2 . 3 . 2 2 . . 2 . . . . 1 1 . . 3 2 . . . . 3 Assault 4 | . . . . . . 3 . . . . 1 . . . . . . . . . . . . . Garrison . | . . . . . . . . . . . . . . . . . . . . . . . . . Intercept . | . . . . . . . . . . . . . . . . . . . . . . . . . Searches Triggered . | . . . . . . . . . . . . . . . . . . . . . . . . . Construction Impeded 1 | . . . . . . . . . . . . . . . . . . . 1 . . . . . Haulers Reinforced 3 | . . . . . . . . . 1 . . . . . . . . . . . . . . 2 Active Scanning Responses . | . . . . . . . . . . . . . . . . . . . . . . . . . Cargo Convoy Interrupts . | . . . . . . . . . . . . . . . . . . . . . . . . . Stealth | -11 -10 -10 -9 -9 -8 -8 -8 -8 -6 -6 -6 -6 -5 -5 -5 -5 -5 -5 -4 -4 -4 -4 -3 -3 --------- Run | Yrd Mat Min Mat Min Mat Sto Rec Scr Fac Low Low Dat Pro Fac Ext Cet Arc Hub Fac Upp Upp Zhi Pro Res Distress Signals 22 | . 1 . 3 . 3 2 . . . . . . . . 2 2 . . . . . . . 9 Communications Jammed . | . . . . . . . . . . . . . . . . . . . . . . . . . Distress Signals . | . . . . . . . . . . . . . . . . . . . . . . . . . Times Spotted 373 | . 19 . 37 6 52 34 5 . 11 4 19 . 4 6 23 14 10 12 10 6 15 . 13 73 Peak Tracking Total 14 | . 5 . 6 4 6 14 4 . 4 3 8 . 4 3 5 5 2 4 3 9 4 . 4 10 Tactical Retreats 16 | . . . 2 1 6 1 . . . . 1 . . . . . . . . . . . . 5 Traps | -11 -10 -10 -9 -9 -8 -8 -8 -8 -6 -6 -6 -6 -5 -5 -5 -5 -5 -5 -4 -4 -4 -4 -3 -3 ------- Run | Yrd Mat Min Mat Min Mat Sto Rec Scr Fac Low Low Dat Pro Fac Ext Cet Arc Hub Fac Upp Upp Zhi Pro Res Traps Triggered 21 | . 5 . 2 . 3 5 . . 2 . . . . . 1 . . . 1 . . . . 2 Indirectly . | . . . . . . . . . . . . . . . . . . . . . . . . . Trap Hack Attempts . | . . . . . . . . . . . . . . . . . . . . . . . . . Triggered . | . . . . . . . . . . . . . . . . . . . . . . . . . Disarmed . | . . . . . . . . . . . . . . . . . . . . . . . . . Reprogrammed . | . . . . . . . . . . . . . . . . . . . . . . . . . Reused . | . . . . . . . . . . . . . . . . . . . . . . . . . Traps Extracted . | . . . . . . . . . . . . . . . . . . . . . . . . . Installed . | . . . . . . . . . . . . . . . . . . . . . . . . . Triggered 2 | . . . . . . . . . . 1 . . . . . . . . . . 1 . . . Machines | -11 -10 -10 -9 -9 -8 -8 -8 -8 -6 -6 -6 -6 -5 -5 -5 -5 -5 -5 -4 -4 -4 -4 -3 -3 ---------- Run | Yrd Mat Min Mat Min Mat Sto Rec Scr Fac Low Low Dat Pro Fac Ext Cet Arc Hub Fac Upp Upp Zhi Pro Res Machines Disabled 31 | . 2 . 3 . 3 8 . . 1 . . . . . 1 3 2 6 . . . . . 2 Max in Single Turn 1 | . 1 . 1 . 1 1 . . 1 . . . . . 1 1 1 1 . . . . . 1 Garrison Access 2 | . . . . . 1 . . . . . . . . . . . . . . . . . . 1 Network Hub 1 | . . . . . . . . . . . . . . . . . . 1 . . . . . . Machines Repaired . | . . . . . . . . . . . . . . . . . . . . . . . . . Machines Dismantled 8 | . . . . . . 5 . . . . . . . . . 2 . 1 . . . . . . Machines Sabotaged . | . . . . . . . . . . . . . . . . . . . . . . . . . Overloaded Fab Kills . | . . . . . . . . . . . . . . . . . . . . . . . . . Hacking | -11 -10 -10 -9 -9 -8 -8 -8 -8 -6 -6 -6 -6 -5 -5 -5 -5 -5 -5 -4 -4 -4 -4 -3 -3 --------- Run | Yrd Mat Min Mat Min Mat Sto Rec Scr Fac Low Low Dat Pro Fac Ext Cet Arc Hub Fac Upp Upp Zhi Pro Res Machines Accessed 45 | . 3 . 7 . 3 1 . 3 2 . 1 4 . 4 1 3 . 1 3 . . 4 . 5 Terminals 27 | . 3 . 7 . 2 1 . . 2 . . . . 3 1 3 . 1 2 . . . . 2 Fabricators 1 | . . . . . . . . . . . . . . 1 . . . . . . . . . . Repair Stations 1 | . . . . . . . . . . . . . . . . . . . 1 . . . . . Recycling Units . | . . . . . . . . . . . . . . . . . . . . . . . . . Scanalyzers . | . . . . . . . . . . . . . . . . . . . . . . . . . Garrison Access 4 | . . . . . 1 . . . . . . . . . . . . . . . . . . 3 Total Hacks 133 | . 8 . 19 . 7 1 . 10 3 . 1 29 . 6 1 11 . 2 7 . . 17 . 11 Successful 82 | . 3 . 5 . 3 . . 10 1 . 1 29 . 3 1 3 . 2 3 . . 17 . 1 Failed 50 | . 4 . 14 . 4 1 . . 2 . . . . 3 . 8 . . 4 . . . . 10 Catastrophic 15 | . . . 5 . . . . . . . . . . 1 . 2 . . 2 . . . . 5 Database Lockouts 1 | . 1 . . . . . . . . . . . . . . . . . . . . . . . Manual 54 | . 8 . 19 . 5 2 . . 3 . . . . 3 . 1 . 2 5 . . . . 6 Terminals 66 | . 8 . 19 . 5 1 . . 3 . . . . 5 1 11 . 2 5 . . . . 6 Fabricators 1 | . . . . . . . . . . . . . . 1 . . . . . . . . . . Repair Stations 2 | . . . . . . . . . . . . . . . . . . . 2 . . . . . Recycling Units . | . . . . . . . . . . . . . . . . . . . . . . . . . Scanalyzers . | . . . . . . . . . . . . . . . . . . . . . . . . . Garrison Access 7 | . . . . . 2 . . . . . . . . . . . . . . . . . . 5 Terminal Hacks 72 | . 2 . 4 . 1 . . 10 1 . 1 29 . 1 1 3 . 2 . . . 17 . . Record 27 | . . . . . . . . 8 . . . 11 . . . 3 . . . . . 5 . . Part Schematic 15 | . . . . . . . . . . . . 11 . . . . . . . . . 4 . . Robot Schematic 4 | . . . . . . . . . . . . 4 . . . . . . . . . . . . Robot Analysis 5 | . 1 . . . . . . . . . . . . . . . . . . . . 4 . . Prototype ID Bank 7 | . . . . . . . . . . . . 3 . . . . . . . . . 4 . . Open Door 4 | . . . . . . . . 1 . . 1 . . 1 1 . . . . . . . . . Level Access Points 1 | . . . . . . . . . . . . . . . . . . 1 . . . . . . Branch Access Points 5 | . 1 . 1 . 1 . . . 1 . . . . . . . . 1 . . . . . . Unreport Threat 3 | . . . 3 . . . . . . . . . . . . . . . . . . . . . Derelict Proto ID Bank 1 | . . . . . . . . 1 . . . . . . . . . . . . . . . . Fabricator Hacks 1 | . . . . . . . . . . . . . . 1 . . . . . . . . . . Network Status 1 | . . . . . . . . . . . . . . 1 . . . . . . . . . . Repair Station Hacks 2 | . . . . . . . . . . . . . . . . . . . 2 . . . . . Scan Component 1 | . . . . . . . . . . . . . . . . . . . 1 . . . . . Repair 1 | . . . . . . . . . . . . . . . . . . . 1 . . . . . Recycling Unit Hacks . | . . . . . . . . . . . . . . . . . . . . . . . . . Scanalyzer . | . . . . . . . . . . . . . . . . . . . . . . . . . Garrison Access Hacks 2 | . . . . . 1 . . . . . . . . . . . . . . . . . . 1 Seal Access 2 | . . . . . 1 . . . . . . . . . . . . . . . . . . 1 Unauthorized Hacks 5 | . 1 . 1 . 1 . . . . . . . . 1 . . . . 1 . . . . . Terminals 5 | . 1 . 1 . 1 . . . . . . . . 1 . . . . 1 . . . . . Botnet 5 | . 1 . 1 . 1 . . . . . . . . 1 . . . . 1 . . . . . Fabricators . | . . . . . . . . . . . . . . . . . . . . . . . . . Repair Stations . | . . . . . . . . . . . . . . . . . . . . . . . . . Recycling Units . | . . . . . . . . . . . . . . . . . . . . . . . . . Scanalyzers . | . . . . . . . . . . . . . . . . . . . . . . . . . Garrison Access . | . . . . . . . . . . . . . . . . . . . . . . . . . Data Cores Recovered 2 | . . . . . . . . . . . . . . . . . . . . . . . . 2 Used . | . . . . . . . . . . . . . . . . . . . . . . . . . Hacking Detections 25 | . 2 . 6 . 1 1 . . 1 . . . . 4 1 3 . . 2 . . . . 4 Full Trace Events 2 | . . . 1 . . . . . . . . . . . . 1 . . . . . . . . Feedback Events . | . . . . . . . . . . . . . . . . . . . . . . . . . Feedback Blocked . | . . . . . . . . . . . . . . . . . . . . . . . . . Robot Schematics Acquired 4 | . . . . . . . . . . . . 4 . . . . . . . . . . . . Robots Built . | . . . . . . . . . . . . . . . . . . . . . . . . . Authchips . | . . . . . . . . . . . . . . . . . . . . . . . . . Time . | . . . . . . . . . . . . . . . . . . . . . . . . . Total Robot Build Rating . | . . . . . . . . . . . . . . . . . . . . . . . . . Part Schematics Acquired 15 | . . . . . . . . . . . . 11 . . . . . . . . . 4 . . Parts Built . | . . . . . . . . . . . . . . . . . . . . . . . . . Authchips . | . . . . . . . . . . . . . . . . . . . . . . . . . Time . | . . . . . . . . . . . . . . . . . . . . . . . . . Total Part Build Rating . | . . . . . . . . . . . . . . . . . . . . . . . . . Parts Repaired 1 | . . . . . . . . . . . . . . . . . . . 1 . . . . . Time 108 | . . . . . . . . . . . . . . . . . . . 108 . . . . . Parts Recycled . | . . . . . . . . . . . . . . . . . . . . . . . . . Recycled Matter . | . . . . . . . . . . . . . . . . . . . . . . . . . Retrieved Matter . | . . . . . . . . . . . . . . . . . . . . . . . . . Retrieved Components . | . . . . . . . . . . . . . . . . . . . . . . . . . Parts Scanalyzed . | . . . . . . . . . . . . . . . . . . . . . . . . . Part Schematics Acquired . | . . . . . . . . . . . . . . . . . . . . . . . . . Parts Damaged . | . . . . . . . . . . . . . . . . . . . . . . . . . Bothacking | -11 -10 -10 -9 -9 -8 -8 -8 -8 -6 -6 -6 -6 -5 -5 -5 -5 -5 -5 -4 -4 -4 -4 -3 -3 ------------ Run | Yrd Mat Min Mat Min Mat Sto Rec Scr Fac Low Low Dat Pro Fac Ext Cet Arc Hub Fac Upp Upp Zhi Pro Res Used RIF Installer . | . . . . . . . . . . . . . . . . . . . . . . . . . Robots Hacked . | . . . . . . . . . . . . . . . . . . . . . . . . . Non-combat . | . . . . . . . . . . . . . . . . . . . . . . . . . Combat . | . . . . . . . . . . . . . . . . . . . . . . . . . Robot Hacks Applied . | . . . . . . . . . . . . . . . . . . . . . . . . . Relay Couplers Released . | . . . . . . . . . . . . . . . . . . . . . . . . . Fabnet Peak Effective % . | . . . . . . . . . . . . . . . . . . . . . . . . . Robots Rewired 17 | . . . . . . . 8 . . . 1 . . . 6 . . . . 2 . . . . Allies Hacked . | . . . . . . . . . . . . . . . . . . . . . . . . . Hacks Repelled . | . . . . . . . . . . . . . . . . . . . . . . . . . Allies | -11 -10 -10 -9 -9 -8 -8 -8 -8 -6 -6 -6 -6 -5 -5 -5 -5 -5 -5 -4 -4 -4 -4 -3 -3 -------- Run | Yrd Mat Min Mat Min Mat Sto Rec Scr Fac Low Low Dat Pro Fac Ext Cet Arc Hub Fac Upp Upp Zhi Pro Res Total Allies 37 | . . . . 3 . 2 8 . . . 1 . . . 13 5 . . . 2 . . . 3 Largest Group 11 | . . . . 3 2 2 7 5 5 . 1 1 1 . 11 8 6 4 . 2 2 . . 3 Highest-Rated Group 673 | . . . . 40 24 62 67 53 53 . 30 30 30 . 451 673 577 384 . 96 96 . . 138 Highest-Rated Ally 159 | . . . . 16 16 31 16 16 16 . 30 30 30 . 159 159 159 96 . 49 49 . . 46 Total Orders 1 | . . . . . . . . 1 . . . . . . . . . . . . . . . . PICKUP 1 | . . . . . . . . 1 . . . . . . . . . . . . . . . . Ally Attacks 291 | . . . . . 17 32 4 . 6 . . . . . 64 64 36 63 . . 5 . . . Total Damage 8469 | . . . . . 174 418 26 . 85 . . . . . 1667 2463 1541 2012 . . 83 . . . Kills 48 | . . . . . 1 4 1 . . . . . . . 6 21 4 11 . . . . . . Allies Corrupted 3 | . . . . . . . . . . . . . . . . . . . . . . . . 3 Allies Melted . | . . . . . . . . . . . . . . . . . . . . . . . . . Intel | -11 -10 -10 -9 -9 -8 -8 -8 -8 -6 -6 -6 -6 -5 -5 -5 -5 -5 -5 -4 -4 -4 -4 -3 -3 ------- Run | Yrd Mat Min Mat Min Mat Sto Rec Scr Fac Low Low Dat Pro Fac Ext Cet Arc Hub Fac Upp Upp Zhi Pro Res Robot Analysis Total 5 | . 1 . . . . . . . . . . . . . . . . . . . . 4 . . Derelict Logs Recovered 7 | . . . . 1 . . . . . 1 . . 2 . . . . . . 2 1 . . . Drone Launches . | . . . . . . . . . . . . . . . . . . . . . . . . . Drone Recoveries . | . . . . . . . . . . . . . . . . . . . . . . . . . Exploration | -11 -10 -10 -9 -9 -8 -8 -8 -8 -6 -6 -6 -6 -5 -5 -5 -5 -5 -5 -4 -4 -4 -4 -3 -3 ------------- Run | Yrd Mat Min Mat Min Mat Sto Rec Scr Fac Low Low Dat Pro Fac Ext Cet Arc Hub Fac Upp Upp Zhi Pro Res Turns Passed 40096 | 114 1874 534 1503 784 1854 1201 813 4396 1008 1231 2019 269 813 762 1506 1039 8371 832 864 2090 2262 422 1027 2508 Spaces Moved 13829 | 57 759 165 732 461 927 498 435 2007 381 481 775 108 317 244 660 361 517 268 304 791 889 159 392 1141 Core 346 | 4 . . . . . . . . . . . . . . . . 297 . . . . . . 45 Treads 13442 | 53 759 165 732 461 927 498 435 2007 381 481 775 108 317 244 660 361 220 268 304 791 889 159 392 1055 Legs 41 | . . . . . . . . . . . . . . . . . . . . . . . . 41 Wheels . | . . . . . . . . . . . . . . . . . . . . . . . . . Hover . | . . . . . . . . . . . . . . . . . . . . . . . . . Flight . | . . . . . . . . . . . . . . . . . . . . . . . . . Fastest Speed 50 | 50 160 240 160 160 160 155 155 155 236 236 235 162 242 160 160 243 243 240 240 240 240 240 160 50 Average Speed 261 | 152 213 314 165 160 162 174 155 217 236 236 238 239 242 200 193 243 1596 241 240 240 240 240 223 179 Slowest Speed 2600 | 160 320 320 320 160 240 245 155 235 236 236 242 242 242 242 243 243 2600 243 240 240 240 240 240 540 Overloaded Moves . | . . . . . . . . . . . . . . . . . . . . . . . . . Propulsion Burnouts . | . . . . . . . . . . . . . . . . . . . . . . . . . Robots Hopped . | . . . . . . . . . . . . . . . . . . . . . . . . . Cave-ins Triggered 1 | . . . . . . . . . . . . . . . . . . . . . . . . 1 Teleports 1 | . . . . . . . . . . . . . . . . . . . . . . . . 1 Exploration Rate (%) 58 | 4 95 24 77 87 72 80 91 89 14 59 73 75 43 6 70 87 94 14 7 69 78 60 63 33 Regions Visited 24 Branch Regions 17 Pre-discovered Areas 7 | . . . . 1 . . . . . . . 1 1 . . . . . . 1 . 3 . . Known Exits Taken 18 | . 1 . 1 . 1 . . . 1 1 1 1 1 1 1 1 1 1 1 1 1 1 1 . Unknown Exits Taken 6 | 1 . 1 . 1 . 1 1 1 . . . . . . . . . . . . . . . . Scrap Searched 17 | . . 1 . 1 . . . 6 . 1 4 . 1 . . . . . . 1 1 . 1 . Spaces Dug 113 | . . . . . . . . . 4 . 4 . . 11 . . . 8 . 54 13 . . 19 Terrain Destroyed 821 | . 8 . 28 3 16 39 . . 9 . 73 . 86 15 10 1 4 21 12 135 164 . 96 101 Melee 37 | . . . . . . . . . 4 . 3 . . 10 . . . 7 . 1 . . . 12 Projectile 213 | . . . . . . . . . 5 . 23 . 7 5 10 1 4 14 12 59 33 . 11 29 AOE 571 | . 8 . 28 3 16 39 . . . . 47 . 79 . . . . . . 75 131 . 85 60 Terrain Rammed . | . . . . . . . . . . . . . . . . . . . . . . . . . Walls Destroyed . | . . . . . . . . . . . . . . . . . . . . . . . . . Machines Disabled . | . . . . . . . . . . . . . . . . . . . . . . . . . Actions | -11 -10 -10 -9 -9 -8 -8 -8 -8 -6 -6 -6 -6 -5 -5 -5 -5 -5 -5 -4 -4 -4 -4 -3 -3 --------- Run | Yrd Mat Min Mat Min Mat Sto Rec Scr Fac Low Low Dat Pro Fac Ext Cet Arc Hub Fac Upp Upp Zhi Pro Res Total 16177 | 73 901 178 898 488 1126 657 559 2052 447 566 863 119 339 468 802 463 541 362 392 890 953 186 491 1363 Wait 532 | . 43 . 6 . 28 16 25 1 11 78 . 4 . 167 12 . . 10 51 8 15 . 52 5 Move 13806 | 56 758 164 731 460 927 497 434 2006 380 480 774 107 316 243 659 360 516 267 303 790 888 158 391 1141 Hop . | . . . . . . . . . . . . . . . . . . . . . . . . . Pick Up 154 | 6 22 2 21 2 10 2 . 16 7 1 4 . 1 6 2 12 2 8 5 . . 2 5 18 Fast Attach 61 | 7 . . 2 . 5 11 1 . 3 . 2 3 . 3 2 . 1 . . . 3 1 3 14 Attach 57 | . . 2 4 . 2 2 1 2 4 . 2 1 . 1 2 3 1 2 2 . 3 6 3 14 Detach 12 | . . . . . . . . 1 . . . 1 . 1 . . 1 . 1 . 2 4 1 . Swap 246 | . 4 2 22 5 27 20 2 10 8 2 20 . 6 8 14 9 5 19 5 10 7 . 12 29 Drop 181 | . 9 4 32 4 21 10 . 16 6 . 6 3 3 12 6 15 3 7 2 . 1 1 . 20 Fire 732 | 4 54 . 77 10 96 45 7 . 17 5 38 . 13 17 41 7 8 39 23 73 31 6 24 97 Melee 65 | . . . . . . . . . 8 . 3 . . 10 . . . 7 . 2 3 8 . 24 Ram 3 | . . . . . . . . . . . . . . . . . 3 . . . . . . . Kick . | . . . . . . . . . . . . . . . . . . . . . . . . . Crush 41 | . 11 2 3 7 10 5 1 . . . . . . . . . 1 . . . . . . 1 Escape Stasis 4 | . . . . . . 4 . . . . . . . . . . . . . . . . . . Rewire 178 | . . 2 . . . . 88 . 3 . 14 . . . 64 . . . . 7 . . . . Trap . | . . . . . . . . . . . . . . . . . . . . . . . . . Miscellaneous 105 | . . . . . . 45 . . . . . . . . . 57 . 3 . . . . . . Route ------- -11/Scrapyard -10/Materials (discovered 4 exits: *Mat x3 / *Min) -10/Mines -9/Materials (discovered 4 exits: *Mat x2 / *Min x2) -9/Mines (discovered 2 exits: *Mat / [*Zio]) -8/Materials -8/Storage (discovered 2 exits: [*Fac] / [*Rec]) -8/Recycling (discovered 2 exits: *Fac / *Scr) -8/Scraptown (discovered 2 exits: *Fac x2) -6/Factory (discovered 2 exits: *Low x2) -6/Lower Caves -6/Lower Caves -6/Data Miner -5/Proximity Caves -5/Factory (discovered 2 exits: *Upp / *Ext) -5/Extension (discovered 3 exits: *Fac x2 / *Cet) -5/Cetus (discovered 2 exits: *Fac / *Arc) -5/Archives (discovered 3 exits: *Fac / *Hub x2) -5/Hub_04(d) (discovered 4 exits: *Fac x4) -4/Factory -4/Upper Caves -4/Upper Caves -4/Zhirov -3/Proximity Caves -3/Research History --------- Turn | Location | Event 13 | -11/Scrapyard | Discovered new exit (range 15) 115 | -11/Scrapyard | Entered Materials 178 | -10/Materials | Identified exit to Mines 230 | -10/Materials | Discovered new exit (range 15) 304 | -10/Materials | Build established: Mutant 714 | -10/Materials | Central database locked down 1553 | -10/Materials | Discovered new exit (range 11) 1836 | -10/Materials | Discovered new exit (range 13) 1989 | -10/Materials | Entered Mines 2240 | -10/Mines | Discovered new exit (range 9) 2523 | -10/Mines | Entered Materials 2523 | -9/Materials | Evolved 2 slots: Propulsion x1, Utility x1 2903 | -9/Materials | Destroyed 11 combat bots 3091 | -9/Materials | Identified exit to Mines 3159 | -9/Materials | Build established: Scavenger-Mutant 3485 | -9/Materials | Discovered new exit (range 17) 3806 | -9/Materials | Build established: Mutant 3924 | -9/Materials | Discovered new exit (range 7) 4026 | -9/Materials | Entered Mines 4027 | -9/Mines | A Derelict revealed a hidden shortcut to a safe place 4403 | -9/Mines | Assisted by bots powering up and referring to "LRC-V3" 4723 | -9/Mines | Found a damaged Exp. Sensor Array with a note attached 4728 | -9/Mines | Found Prototype Device 4794 | -9/Mines | Discovered new exit (range 11) 4810 | -9/Mines | Entered Materials 4810 | -8/Materials | Accompanied by 2 allies 4810 | -8/Materials | Evolved 2 slots: Utility x1, Weapon x1 5296 | -8/Materials | Build established: Gunner 5373 | -8/Materials | Identified exit to Storage 6664 | -8/Materials | Entered Storage 6828 | -8/Storage | Met a pair of Derelict thieves 6838 | -8/Storage | Build established: Scavenger-Gunner 6924 | -8/Storage | Destroyed 13 combat bots 7248 | -8/Storage | Build established: Scavenger-Skirmisher 7508 | -8/Storage | Discovered new exit (range 18) 7862 | -8/Storage | Used back door to open Recycling access 7862 | -8/Storage | Discovered new exit (range 3) 7864 | -8/Storage | First assault squad dispatched 7865 | -8/Storage | Entered Recycling 7933 | -8/Recycling | Core integrity fell below 50% 8317 | -8/Recycling | Discovered new exit (range 7) 8383 | -8/Recycling | Build established: Commander-Gunner 8639 | -8/Recycling | Scanned before Scraplab entrance 8663 | -8/Recycling | Entered Scraplab 8675 | -8/Recycling | Discovered new exit (range 3) 8678 | -8/Recycling | Entered Scraptown 8678 | -8/Scraptown | Accompanied by 5 allies 8678 | -8/Scraptown | System corruption cleaned by C-Scrubber 8745 | -8/Scraptown | Heard Great Nut preacher, LISTEN AND RECITE! 8957 | -8/Scraptown | Discovered new exit (range 11) 9051 | -8/Scraptown | Visited Bundlers 9182 | -8/Scraptown | Visited Spacefarers 9222 | -8/Scraptown | Visited Awakened 9558 | -8/Scraptown | Visited UFD Registry 9558 | -8/Scraptown | Registered with UFD as "Metatail" 9642 | -8/Scraptown | Visited Science Guys 9722 | -8/Scraptown | Visited Junk Repository 9783 | -8/Scraptown | Visited Science Testing Area 9967 | -8/Scraptown | Visited Research Penetration Think Tank 10006 | -8/Scraptown | Visited Derelict Rescue Squad 10020 | -8/Scraptown | Found DRS Beacon 10052 | -8/Scraptown | Visited Scrapoid Research Area 10074 | -8/Scraptown | Visited Sword Containment 10125 | -8/Scraptown | Visited Botcube Research 10159 | -8/Scraptown | Visited A0-MCA Data Center 10169 | -8/Scraptown | Given an A rating by A0-MCA 10172 | -8/Scraptown | Identified Exp. Sensor Array 10175 | -8/Scraptown | Found A0-MCA's Component Scanner 10226 | -8/Scraptown | Visited Scrap Suit Storage 10237 | -8/Scraptown | Found Scrap Suit 10704 | -8/Scraptown | Discovered new exit (range 5) 10969 | -8/Scraptown | Visited Shadow of the Wyrm 11000 | -8/Scraptown | Visited Cave Peace 11071 | -8/Scraptown | Build established: Commander-Mutant 13074 | -8/Scraptown | Entered Factory 13074 | -6/Factory | Accompanied by 5 allies 13074 | -6/Factory | Evolved 4 slots: Power x1, Propulsion x1, Utility x2 13252 | -6/Factory | Identified exit to Lower Caves 13368 | -6/Factory | Build established: Commander-Assassin 13634 | -6/Factory | Lost 3 allies 13884 | -6/Factory | Build established: Assassin 14052 | -6/Factory | Found Prototype Launcher 14052 | -6/Factory | Identified Rocket Array 14082 | -6/Factory | Entered Lower Caves 14341 | -6/Lower Caves | Build established: Scavenger-Mutant 15027 | -6/Lower Caves | Learned Factory interactive machine intel 15028 | -6/Lower Caves | Encountered a Warlord checkpoint 15141 | -6/Lower Caves | Discovered new exit (range 9) 15159 | -6/Lower Caves | Identified exit to Lower Caves 15313 | -6/Lower Caves | Entered another Lower Caves area 15619 | -6/Lower Caves | Build established: Scavenger-Skirmisher 16159 | -6/Lower Caves | Spotted B-75 Beast 16182 | -6/Lower Caves | Destroyed B-75 Beast 16561 | -6/Lower Caves | Encountered a Warlord checkpoint 16595 | -6/Lower Caves | Attracted the attention of an 0b10 outpost 16983 | -6/Lower Caves | Discovered new exit (range 15) 17099 | -6/Lower Caves | Attracted the attention of an 0b10 checkpoint 17112 | -6/Lower Caves | Identified exit to Data Miner 17332 | -6/Lower Caves | Entered Data Miner 17332 | -6/Data Miner | Accompanied by 1 ally 17334 | -6/Data Miner | Discovered new exit (range 6) 17346 | -6/Data Miner | Identified exit to Proximity Caves 17387 | -6/Data Miner | Met Data Miner 17479 | -6/Data Miner | Learned location of Section 7 (-2) 17479 | -6/Data Miner | Acquired the access code to Warlord's prototype stash 17504 | -6/Data Miner | Received God Mode back door access code from Data Miner 17601 | -6/Data Miner | Entered Proximity Caves 17601 | -5/Proximity Caves | Accompanied by 1 ally 17622 | -5/Proximity Caves | Build established: Scavenger-Mutant 17941 | -5/Proximity Caves | Learned location of 1 exit from Upper Caves 18152 | -5/Proximity Caves | Build established: Scavenger-Skirmisher 18230 | -5/Proximity Caves | Discovered new exit (range 15) 18271 | -5/Proximity Caves | Identified exit to Factory 18414 | -5/Proximity Caves | Entered Factory 18414 | -5/Factory | Evolved 2 slots: Utility x2 18415 | -5/Factory | Loaded intel: 54 interactive machine locations 18473 | -5/Factory | Build established: Scavenger-Mutant 18800 | -5/Factory | Discovered new exit (range 12) 18819 | -5/Factory | Identified exit to Upper Caves 19019 | -5/Factory | Discovered new exit (range 5) 19023 | -5/Factory | Identified exit to Extension 19176 | -5/Factory | Entered Extension 19224 | -5/Extension | Build established: Scavenger-Tank 19642 | -5/Extension | Rescued a captive Derelict 19660 | -5/Extension | Rescued a captive Derelict 19692 | -5/Extension | Rescued A7 19960 | -5/Extension | Rescued a captive Derelict 19961 | -5/Extension | Rescued a captive Derelict 20050 | -5/Extension | Rescued a captive Derelict 20050 | -5/Extension | Rescued a captive Derelict 20326 | -5/Extension | Spotted B-75 Beast 20342 | -5/Extension | Spotted B-75 Beast 20342 | -5/Extension | Allies destroyed B-75 Beast 20353 | -5/Extension | Build established: Commander-Skirmisher 20353 | -5/Extension | Allies destroyed B-75 Beast 20381 | -5/Extension | Lost 3 allies 20430 | -5/Extension | Discovered new exit (range 3) 20438 | -5/Extension | Identified exit to Factory 20642 | -5/Extension | Discovered new exit (range 16) 20647 | -5/Extension | Discovered exit to Factory (range 14) 20658 | -5/Extension | Build established: Scavenger-Skirmisher 20676 | -5/Extension | Identified exit to Cetus 20682 | -5/Extension | Entered Cetus 20682 | -5/Cetus | Accompanied by 8 allies (A7) 20687 | -5/Cetus | Acquired a Cetus Manufacturing Module code from A7 20712 | -5/Cetus | Spotted Cetus Guard 20712 | -5/Cetus | Spotted Cetus Guard 20713 | -5/Cetus | Spotted Cetus Guard 20714 | -5/Cetus | Spotted Cetus Guard 20724 | -5/Cetus | Allies destroyed Cetus Guard 20733 | -5/Cetus | Allies destroyed Cetus Guard 20737 | -5/Cetus | Destroyed Cetus Guard 20739 | -5/Cetus | Destroyed Cetus Guard 20767 | -5/Cetus | Lost 6 allies 21010 | -5/Cetus | Escorted A7 to Cetus Mainframe 21235 | -5/Cetus | Started Cetus Manufacturing Module 21260 | -5/Cetus | Manufactured an Enhanced Grunt 21285 | -5/Cetus | Manufactured an Enhanced Grunt 21310 | -5/Cetus | Manufactured an Enhanced Grunt 21335 | -5/Cetus | Manufactured an Enhanced Grunt 21360 | -5/Cetus | Manufactured an Enhanced Grunt 21432 | -5/Cetus | Security sweep announced 21485 | -5/Cetus | Discovered new exit (range 16) 21525 | -5/Cetus | Build established: Scavenger-Mutant 21527 | -5/Cetus | Spotted Cetus Guard 21527 | -5/Cetus | Spotted Cetus Guard 21531 | -5/Cetus | Spotted Cetus Guard 21534 | -5/Cetus | Spotted Cetus Guard 21539 | -5/Cetus | Allies destroyed Cetus Guard 21540 | -5/Cetus | Allies destroyed Cetus Guard 21559 | -5/Cetus | Discovered exit to Factory (range 16) 21573 | -5/Cetus | Met Revision 17 21719 | -5/Cetus | Identified exit to Archives 21721 | -5/Cetus | Entered Archives 21721 | -5/Archives | Accompanied by 6 allies (A7) 21726 | -5/Archives | Received a hacking code to weaken MAIN.C 21812 | -5/Archives | Discovered new exit (range 16) 21832 | -5/Archives | Discovered new exit (range 14) 21912 | -5/Archives | Discovered exit to Factory (range 14) 22063 | -5/Archives | Build established: Scavenger-Skirmisher 22686 | -5/Archives | Identified exit to Hub_04(d) 30092 | -5/Archives | Entered Hub_04(d) 30092 | -5/Hub_04(d) | Accompanied by 4 allies 30454 | -5/Hub_04(d) | Build established: Scavenger-Mutant 30503 | -5/Hub_04(d) | Network Hub disabled 30550 | -5/Hub_04(d) | Spotted Lightning 30555 | -5/Hub_04(d) | Allies destroyed Lightning 30565 | -5/Hub_04(d) | Spotted Lightning 30568 | -5/Hub_04(d) | Allies destroyed Lightning 30570 | -5/Hub_04(d) | Spotted Lightning 30581 | -5/Hub_04(d) | Destroyed Lightning 30604 | -5/Hub_04(d) | Found Exp. Targeting Computer 30608 | -5/Hub_04(d) | Found EMDS 30622 | -5/Hub_04(d) | Found Exp. EM Disruption Field 30807 | -5/Hub_04(d) | System corruption reached 10% 30924 | -5/Hub_04(d) | Entered Factory 30924 | -4/Factory | Evolved 2 slots: Propulsion x1, Utility x1 31132 | -4/Factory | Repaired Centrium Medium Armor Plating? 31379 | -4/Factory | Discovered new exit (range 13) 31407 | -4/Factory | Identified exit to Upper Caves 31457 | -4/Factory | Found Exp. Signal Interpreter 31788 | -4/Factory | Entered Upper Caves 31789 | -4/Upper Caves | Identified exit to Upper Caves 32668 | -4/Upper Caves | Spotted B-86 Titan 32686 | -4/Upper Caves | Destroyed B-86 Titan 33428 | -4/Upper Caves | Learned location of Testing (-2) 33474 | -4/Upper Caves | Destroyed 9 combat bots 33878 | -4/Upper Caves | Entered another Upper Caves area 33878 | -4/Upper Caves | Accompanied by 2 allies 33899 | -4/Upper Caves | Encountered a Warlord checkpoint 33984 | -4/Upper Caves | Learned Research emergency access door positions 34003 | -4/Upper Caves | P-70 Sage assimilated allied Veteran 7a 34434 | -4/Upper Caves | Destroyed 8 combat bots 34441 | -4/Upper Caves | Lost 3 parts (2n1u) 35464 | -4/Upper Caves | Discovered new exit (range 10) 35500 | -4/Upper Caves | Identified exit to Zhirov 36140 | -4/Upper Caves | Entered Zhirov 36140 | -4/Zhirov | Discovered new exit (range 3) 36184 | -4/Zhirov | Met Zhirov 36227 | -4/Zhirov | Learned location of Quarantine (-3) 36227 | -4/Zhirov | Learned location of Command (-1) 36251 | -4/Zhirov | Zhirov requested help retrieving the SGEMP Prototype 36289 | -4/Zhirov | Found Alien Artifact 36317 | -4/Zhirov | Found Alien Artifact 36317 | -4/Zhirov | Identified Integrated Dissipator 36317 | -4/Zhirov | Installed Integrated Dissipator, increased core heat dissipation (+20) 36551 | -4/Zhirov | Identified exit to Proximity Caves 36562 | -4/Zhirov | Entered Proximity Caves 36563 | -3/Proximity Caves | Forged Quantum Companion 36565 | -3/Proximity Caves | Spotter reported a threat 36809 | -3/Proximity Caves | Spotter reported a threat 36816 | -3/Proximity Caves | Spotter reported a threat 36893 | -3/Proximity Caves | Spotter reported a threat 36922 | -3/Proximity Caves | Spotter reported a threat 37394 | -3/Proximity Caves | Attracted the attention of an 0b10 checkpoint 37440 | -3/Proximity Caves | System corruption reached 10% 37510 | -3/Proximity Caves | Discovered new exit (range 10) 37523 | -3/Proximity Caves | Identified exit to Research 37578 | -3/Proximity Caves | System corruption reached 30% 37589 | -3/Proximity Caves | Entered Research 37589 | -3/Research | Evolved 2 slots: Power x1, Propulsion x1 37789 | -3/Research | Revision forces began assault on 0b10 37834 | -3/Research | Met up with Revision 17++ 37965 | -3/Research | Destroyed 8 combat bots 38289 | -3/Research | Research terminal network offline 38593 | -3/Research | Found Exp. Core Analyzer 38641 | -3/Research | Spotted Striker 38642 | -3/Research | Spotted Striker 38783 | -3/Research | Found Powered Armor 38794 | -3/Research | Found Powered Armor 38798 | -3/Research | Found Powered Armor 39091 | -3/Research | Spotted Striker 39093 | -3/Research | Spotted Striker 39113 | -3/Research | Identified Transdimensional Reconstructor 39113 | -3/Research | Warped through subspace 39353 | -3/Research | Spotted Executioner 39356 | -3/Research | Spotted Striker 39369 | -3/Research | Destroyed Striker 39374 | -3/Research | Destroyed Executioner 39482 | -3/Research | Destroyed Striker 39548 | -3/Research | Spotted Striker 39558 | -3/Research | Destroyed Striker 39791 | -3/Research | Lost 4 parts (2n1u1w) 39794 | -3/Research | Spotted Striker 39797 | -3/Research | Spotted Striker 39823 | -3/Research | Destroyed Striker 39836 | -3/Research | Destroyed Striker 39866 | -3/Research | Lost 8 parts (3p2n2u1w) 39970 | -3/Research | Spotted Striker 39997 | -3/Research | Destroyed Striker 40025 | -3/Research | Spotted Striker 40028 | -3/Research | Spotted Striker 40039 | -3/Research | Released all parts (20) 40041 | -3/Research | Core integrity fell below 50% 40060 | -3/Research | Core integrity fell below 20% 40082 | -3/Research | Crushed by falling debris 40097 | -3/Research | Destroyed by S-43 Plague with Heavy Machine Gun Last Messages --------------- 40043_ The unstable cave ceiling collapses. 40054_ Acquired Hvy. Flail. 40058_ Fabricator disabled. 40065_ System corrupted: Matter fused (-8). 40078_ The unstable cave ceiling collapses. Quantum Companion materializes via a weapon slot. Quantum Companion: "I'm back." 40081_ Destroyed Xenon Bombardment Thruster. 40082_ The unstable cave ceiling collapses. 40082_ Crushed by falling debris. 40083_ The unstable cave ceiling collapses. 40083_ Striker crushed by falling debris. 40083_ Striker destroyed. 40083_ 21 Matter crushed. Quantum Companion: "Gotta go fast!" 40087_ S-43 Plague destroyed. 40092_ System corrupted: Component data lost. 40092_ S-43 Plague destroyed. 40094_ Destroyed Xenon Bombardment Thruster. Map ----- +----------------------------------------------------+ | ????????????????????????????????????????# # # %%!! | | ??????????????????????????????????????### ![% | | ???????????????????????????????######## %[/% | | ???????????????????????????????# / | | ???????????????????????????????# % ! | | ??????????????????############## ! = | | ??????????????????# # = [ | | ??????????????????# # ##### | | ??????????????????# """"" # # % | | ??????????????????# """"" # # | | ??????????????????# """"" # + ! * | | ??????????????????#! + # !" =[ | | ??????????????????# # # ! # !%% | | ??????????????????# + ########## %=% | | ??????????????????# ######????????# % | | ??????????????????# "" """ #?????????????" | | ??????????????????# ""F "" #???????????? # = | | ??????????????????# " """ #??????????? # % | | ??????????????????##############??????????? ?# !=% | | ??????????????????????## #???????????????????" !%[ | | ??????????????????????## #?????????????????? " %!= | | ???????????????????????#=##???????????????? "![*[ | | ???????????????????????#%##??????????????? "!%[% | | ???????????????????????# *##????????????? #![%* | | ?????????????????#########s#????????????####"#!==! | | ?????????????# @##???????????????##!%/!! | | ?????????????# #??????????????????#=%*! | | ?????????????# #??????????????????#!=%= | | ?????????????# #???????????????????*!=! | | ?????????????# [ #??????????????????????? | | ?????????????# #??????????????????????? | | ?????????????# +?????????+????????????? | | ?????????????# #??????????????????????? | | ?????????????# #??????????????????????? | | ?????????????# ???????????????????????? | | ?????????????? ???????????????????????? | | ?????????????? ???????????????????????? | | ????????????????####+#####???????????????????????? | | ?????????????????????????????????????????????????? | | ?????????????????????????????????????????????????? | | ?????????????????????????????????????????????????? | | ?????????????????????????????????????????????????? | | ?????????????????????????????????????????????????? | | ?????????????????????????????????????????????????? | | ?????????????????????????????????????????????????? | | ?????????????????????????????????????????????????? | | ?????????????????????????????????????????????????? | | ?????????????????????????????????????????????????? | | ?????????????????????????????????????????????????? | | ?????????????????????????????????????????????????? | +----------------------------------------------------+ Best States ------------- Heat Dissipation 97 Coolant Potential 100 Energy Generation 61 Energy Capacity 830 Matter Stores 300 Matter Capacity 300 Sight Range 18 Robot Scan Range 20 Terrain Scan Density 10 Jamming Range 16 Additional Mass Support 12 Base Temperature (-) 200 Armor Coverage 1200 Resistance: EM 75 Point Defense Rating 240 Phase Shifting 5 Evasion (%) 50 Targeting Accuracy 12 Core Analysis 8 Recoil Reduction 6 Item Schematics ----------------- Combat Drone Bay | -6/Data Miner | Free Lgt. Regenerative Plating | -6/Data Miner | Free Cld. Nuclear Pulse Thruster | -6/Data Miner | Free Prc. Energy Filter | -6/Data Miner | Free Hvy. Proton Cannon | -6/Data Miner | Free Imp. Linear Gravjet | -6/Data Miner | Free Adv. Cryofiber Web | -6/Data Miner | Free Hardcell Cannon | -6/Data Miner | Free Imp. Transmission Jammer | -6/Data Miner | Free Railgun | -6/Data Miner | Free Hvy. Gauss Cannon | -6/Data Miner | Free Assault Drone Bay | -4/Zhirov | Free Exp. Heat Sink | -4/Zhirov | Free Exp. Optical Array | -4/Zhirov | Free Imp. Arc Thrower | -4/Zhirov | Free Robot Schematics ------------------ R-10 Processor | -6/Data Miner | Free A-15 Conveyor | -6/Data Miner | Free S-27 Virus | -6/Data Miner | Free L-41 Fighter | -6/Data Miner | Free Fabricated ------------ Nothing Alien Tech Used ----------------- Integrated Dissipator Transdimensional Reconstructor Achievements -------------- None Challenges ------------ None Game ------ Seed TeleporterGunPrototype Manual? 0 Play Time 03:39:00 Cumulative 84.2 hours Start 2024.09.19 @ 17:59:54 End 2024.09.21 @ 16:02:23 Sessions 17 Manual Loads 0 Difficulty Rogue Special Mode None Game No. 55 Rogue 55 Adventurer 0 Explorer 0 Win Type - Total 4 Types 2/0/1/1/0/0/0/0/0 Lore% 37 Gallery% 48 Achievement% 51 Wizard Run 0 Options --------- Layout 1 ASCII 0 Keyboard 0 Movement Arrows Keybinds 0 Fullscreen 1 Font 24/Tamsyn Map View 50x35 Zoom Use 0% Tactical HUD 1 Map Filters NONE Filters NONE Steam 1 RUN: 250b2cef-f4dd-48d7-9a82-2cdf08ab57d0